 Dungeon Crawl Stone Soup version 0.21-a0-630-g344d351 (webtiles) character file.

536912 Charly the Executioner (level 24, -5/262 HPs)
             Began as a Minotaur Berserker on Dec 26, 2017.
             Was the Champion of Trog.
             Killed from afar by an ancient lich (15 damage)
             ... with a bolt of lightning
             ... on level 5 of the Realm of Zot on Dec 27, 2017.
             The game lasted 01:18:23 (33637 turns).

Charly the Executioner (Minotaur Berserker)        Turns: 33637, Time: 01:18:24

Health: -5/262     AC: 50    Str: 30    XL:     24   Next: 61%
Magic:  34/34      EV: 19    Int:  9    God:    Trog [******]
Gold:   1546       SH: 33    Dex: 21    Spells: 23/23 levels left

rFire    + + .     SeeInvis .   z - +7 broad axe (chaos)
rCold    + + .     Gourm    .   h - +10 large shield of Ignorance {rN+ Int-4}
rNeg     + . .     Faith    .   O - +4 gold dragon scales
rPois    +         Spirit   .   m - +3 hat of Pondering {ponderous, MR+ MP+10 Int+5}
rElec    +         Reflect  .   V - +2 cloak {MR+}
rCorr    +         Harm     .   W - +2 pair of gloves {Dex+3}
MR       +++..                  J - +4 pair of boots of the Greedy {rCorr Int+4 Dex-2}
Stlth    ..........             G - amulet of regeneration
HPRegen  0.93/turn              l - +5 ring of protection
MPRegen  0.24/turn              X - +6 ring of strength

@: resistant, slow
A: retaliatory headbutt, horns 2, high mp 1, robust 1
}: 3/15 runes: barnacled, silver, gossamer
a: Berserk, Trog's Hand, Brothers in Arms, Burn Spellbooks, Renounce Religion


You were on level 5 of the Realm of Zot.
You worshipped Trog.
Trog was exalted by your worship.
You were not hungry.

You visited 7 branches of the dungeon, and saw 44 of its levels.
You also visited: Labyrinth, Ossuary, Bailey and Volcano.

You collected 3683 gold pieces.
You spent 2137 gold pieces at shops.

Inventory:

Hand Weapons
 a - a +3 antimagic executioner's axe
 b - the +6 executioner's axe of Devotion {freeze, rPois MR+ Int-2}
   (You found it in a bailey)

   It has been specially enchanted to freeze those struck by it, causing extra
   injury to most foes and up to half again as much damage against particularly
   susceptible opponents.
   It can also slow down cold-blooded creatures.
   It affects your intelligence (-2).
   It protects you from poison.
   It affects your resistance to hostile enchantments.
 z - a +7 broad axe of chaos (weapon)
 C - a +3 broad axe of electrocution
Missiles
 d - 11 throwing nets (quivered)
Armour
 h - the +10 large shield of Ignorance (worn) {rN+ Int-4}
   (You found it on level 5 of the Vaults)

   It affects your intelligence (-4).
   It protects you from negative energy.
 m - the +3 hat of Pondering (worn) {ponderous, MR+ MP+10 Int+5}
   (You took it off Gastronok on level 2 of the Lair of Beasts)

   It affects your intelligence (+5).
   It affects your resistance to hostile enchantments.
   It affects your magic capacity (+10).
 J - the +4 pair of boots of the Greedy (worn) {rCorr Int+4 Dex-2}
   (You acquired it on level 12 of the Dungeon)

   It affects your intelligence (+4).
   It affects your dexterity (-2).
   It protects you from acid and corrosion.
 O - +4 gold dragon scales (worn)
 V - a +2 cloak of magic resistance (worn)
 W - a +2 pair of gloves of dexterity (worn)
Jewellery
 f - the ring "Moriokhi" {Wiz rF+ MR- Str+3}
   (You found it on level 14 of the Dungeon)

   [ring of wizardry]

   It improves your spell success rate.
   It affects your strength (+3).
   It protects you from fire.
   It affects your resistance to hostile enchantments.
 i - an uncursed ring of see invisible
 l - a +5 ring of protection (left hand)
 n - an uncursed ring of positive energy
 G - an amulet of regeneration (around neck)
 X - a +6 ring of strength (right hand)
Wands
 c - a wand of clouds (6)
 e - a wand of acid (37)
 j - a wand of digging (41)
 o - a wand of disintegration (21)
 y - a wand of iceblast (38)
 F - a wand of paralysis (11)
 Y - a wand of polymorph (32)
Scrolls
 p - 25 scrolls of identify
 q - 8 scrolls of teleportation
 r - 6 scrolls of fear
 t - a scroll of summoning
 v - a scroll of blinking
 B - 16 scrolls of remove curse
 D - 3 scrolls of magic mapping
 E - 5 scrolls of fog
 N - 3 scrolls of immolation
Potions
 g - a potion of magic
 k - 9 potions of agility
 s - 4 potions of might
 u - 2 potions of flight
 A - 4 potions of mutation
 H - a potion of cancellation
 I - 7 potions of curing
 K - 8 potions of haste
 T - 7 potions of ambrosia
Comestibles
 Q - 24 rations


   Skills:
 + Level 24.4 Fighting
 - Level 26.9 Axes
 + Level 23.1 Armour
 + Level 19.6 Dodging
 * Level 17.2 Shields


You had 23 spell levels left.
You didn't know any spells.

Dungeon Overview and Level Annotations

Branches:
Dungeon (15/15)            Temple (0/1) D:6            Lair (6/6) D:10
 Shoals (4/4) Lair:2       Spider (4/4) Lair:4        Slime (0/5) Lair:5
    Orc (0/2) D:9          Vaults (5/5) D:14         Depths (5/5) D:15
    Zot (5/5) Depths:5
  Crypt: Vaults:2-3

Altars:
Elyvilon
Fedhas
Gozag
Hepliaklqana
Makhleb
Nemelex Xobeh
Qazlal
Uskayaw
Vehumet
Wu Jian
Yredelemnul
The Shining One
Beogh
Jiyva

Shops:
D:10 =![   D:15 (   Zot:1 *   Depths:5 ?

Portals:
Hell: Depths:1 Depths:2 Depths:3 Depths:4
Abyss: Depths:4

Annotations:
Lair:1 exclusion: oklob plant
Lair:2 exclusion: oklob plant
Depths:5 4 runed doors


Innate Abilities, Weirdness & Mutations

You reflexively headbutt those who attack you in melee.
You have a pair of horns on your head.
You have an increased reservoir of magic. (+10% MP)
You are robust. (+10% HP)


Message History

* * * LOW HITPOINT WARNING * * *
The bolt of lightning hits you! You resist.
* * * LOW HITPOINT WARNING * * *
The azure jelly hits your storm dragon.
The azure jelly freezes your storm dragon!!
Your storm dragon resists.
The azure jelly hits your storm dragon but does no damage.
The azure jelly hits your storm dragon.
The azure jelly hits your storm dragon but does no damage.
The ancient lich mumbles some strange words.
Your storm dragon bites the azure jelly!!
The azure jelly dies!
Trog accepts your kill.
Your red draconian monk breathes flames at the ancient lich.
The searing blast hits the ancient lich.
The ancient lich resists.
The ancient lich points at you and mumbles some strange words.
The bolt of lightning hits your red draconian monk.
The bolt of lightning hits you! You resist.
You die...

,,,,,,* ##.......d...## *,,,,,,
,,,,,** #.......d.....# **,,,,,
,,,,** ##....L..d.....#* **,,,,
,,,** #......LJ.d.....# **,,,
**** ########d######## **** #..#
##### #.### #...###...#####
####...##..@d#...#
**###.......(†qdd....#
*,..............d....#
*,####'#...†L###L.1### *,*
**,###....†....# #####
*,***,,,*#§...LyD..# #...#### *
*,**,,,,,###....D..# #......# *
*,,,,,⌠,,,#........###⌠.....####
*****,,,###..*8Dq...##...⌠......


You could see 2 ancient liches, a Tzitzimitl, a friendly red draconian monk, 2
friendly storm dragons, a friendly yellow draconian, 2 friendly draconians and a
friendly white draconian.

Vanquished Creatures
  2 juggernauts (Depths:5)
  Frederick (Depths:4)
  A curse toe (Zot:2)
  A bone dragon (Depths:5)
  Jory (Depths:2)
  13 golden dragons
  2 electric golems
  3 liches
  3 tentacled monstrosities
  3 quicksilver dragons
  7 Orb Guardians (Zot:5)
  2 titans
  2 acid blobs (Depths:5)
  3 death cobs
  A kraken (Shoals:2)
  Gastronok (Lair:2)
  Kirke (D:15)
  6 shadow dragons
  3 storm dragons
  7 tengu reavers
  An azure jelly (Depths:5)
  Ilsuiw (Shoals:4)
  7 fire giants
  2 draconian monks
  An orc warlord (Vaults:3)
  3 draconian scorchers (Zot:1)
  3 deep elf sorcerers
  14 frost giants
  2 draconian knights
  7 ghost moths
  A balrug (Depths:1)
  4 emperor scorpions
  15 vault wardens
  A ghoul (Vaults:4)
  2 draconian stormcallers
  4 draconian shifters
  2 deep elf elementalists (Vaults:5)
  A draconian annihilator (Zot:5)
  6 very ugly things
  19 ironheart preservers
  Nessos (Lair:4)
  2 entropy weavers
  20 stone giants
  2 war gargoyles (Vaults:5)
  7 black draconians
  2 deep elf demonologists (Vaults:1)
  2 green draconians (Zot:4)
  7 vampire knights
  6 red draconians
  8 purple draconians
  7 yellow draconians
  9 white draconians
  12 spark wasps
  A merfolk javelineer (Shoals:4)
  2 death oozes (Depths:5)
  A crystal guardian (Vaults:4)
  12 merfolk impalers
  A deep elf death mage (Vaults:5)
  The ghost of Lanoc the Cleaver, a journeyman FoFi of Trog (D:12)
  A minotaur (Lab)
  16 ettins
  An ettin (shapeshifter) (Vaults:5)
  14 fire dragons
  21 yaktaur captains
  A monstrous demonspawn (Depths:5)
  A deep elf high priest (Vaults:5)
  11 ogre magi
  7 great orbs of eyes
  37 vault guards
  4 merfolk avatars
  A hydra (shapeshifter) (Vaults:5)
  7 centaur warriors
  A hydra (D:15)
  4 rakshasas
  Harold (Lair:1)
  17 ice dragons
  2 catoblepae
  47 two-headed ogres
  2 spriggan air magi
  An alligator snapping turtle (shapeshifter) (Zot:2)
  8 merfolk aquamancers
  Erica (D:9)
  3 death knights
  A satyr (shapeshifter) (Depths:5)
  6 deep troll shamans
  A dancing weapon (Vaults:5)
  2 satyrs (Shoals:4)
  10 deep troll earth magi
  An alligator (shapeshifter) (Depths:5)
  5 tengu warriors
  A spriggan (Depths:3)
  3 spriggan berserkers
  An orc high priest (Vaults:3)
  2 sun demons (Depths:1)
  3 deep elf knights (Vaults:1)
  A sixfirhy (Depths:3)
  5 skeletal warriors
  35 hell knights
  26 deep trolls
  6 shadow wraiths
  7 iron trolls
  7 unseen horrors
  A death drake (shapeshifter) (Zot:2)
  5 sea snakes
  4 flayed ghosts (Depths:2)
  3 glowing orange brains
  5 deep elf archers
  12 harpies
  24 ironbrand convokers
  4 wizards
  18 orc knights
  25 ugly things
  11 necromancers
  5 phantasmal warriors
  34 wolf spiders
  A stone giant zombie (Vaults:1)
  14 deep elf magi
  17 orb spiders
  9 manticores
  3 orc sorcerers
  5 cyclopes
  The ghost of Alarkh the Digger, a novice DsEE of Okawaru (D:5)
  An elephant (Lair:6)
  15 moths of wrath
  3 salamanders (Volcano)
  13 vault sentinels
  A frost giant skeleton (Vaults:1)
  A guardian serpent (shapeshifter) (D:15)
  Joseph (D:10)
  6 merfolk sirens
  2 water nymphs
  A black mamba (Lair:4)
  2 torpor snails
  5 centaur skeletons
  A hellion (Depths:5)
  5 komodo dragons
  A spiny frog (Lair:4)
  A kobold demonologist (D:12)
  3 efreet
  A rime drake (shapeshifter) (Vaults:1)
  4 rime drakes
  44 yaktaurs
  6 freezing wraiths
  3 demonic crawlers
  A tengu conjurer (Depths:4)
  5 polar bears (Lair:6)
  28 jumping spiders
  A troll (shapeshifter) (Vaults:3)
  8 trolls
  A meliai (shapeshifter) (Vaults:5)
  A polar bear (shapeshifter) (Depths:3)
  A tengu simulacrum (Vaults:1)
  12 hornets
  19 merfolk
  3 wind drakes
  A blink frog (shapeshifter) (Vaults:3)
  8 blink frogs (Lair:4)
  20 slime creatures
  5 dream sheep
  A hippogriff (shapeshifter) (Vaults:5)
  7 hippogriffs
  10 snapping turtles
  31 tarantellas
  20 water elementals
  Sigmund (D:4)
  2 centaur simulacra (D:15)
  12 shadows (Depths:2)
  61 redbacks
  A spriggan (shapeshifter) (D:15)
  8 wyverns
  A vampire (D:9)
  A ynoxinul (Depths:5)
  4 fire bats (Volcano)
  35 yaks
  10 wraiths
  5 hogs (D:15)
  5 basilisks
  4 hungry ghosts
  5 steam dragons (Volcano)
  An elf skeleton (Vaults:1)
  17 vampire mosquitoes
  An acid dragon (D:14)
  4 wargs
  A soldier ant (shapeshifter) (Depths:1)
  A water moccasin (Lair:4)
  A floating eye (Depths:3)
  41 orc warriors
  2 porcupines
  6 ice beasts
  3 phantoms
  4 sky beasts
  3 black bears
  A human zombie (Vaults:1)
  A necrophage (D:8)
  49 ogres
  An eye of draining (D:8)
  5 boggarts
  6 wolves
  21 centaurs
  A big kobold (D:12)
  15 crocodiles
  9 bullfrogs
  An earth elemental (Lab)
  A water moccasin zombie (D:9)
  35 scorpions
  10 killer bees
  14 wights
  5 crimson imps
  A bullfrog zombie (D:6)
  3 centaur zombies
  4 hounds
  A jelly (shapeshifter) (Vaults:5)
  2 quasits
  A bullfrog skeleton (D:12)
  13 orc priests
  11 jellies
  13 orc wizards
  2 iguanas
  Natasha (thrice) (D:3)
  7 worker ants
  Ijyb (D:4)
  8 mummies (Ossuary)
  10 adders
  4 gnolls (D:7)
  4 shadow imps
  A white imp (Depths:4)
  2 ufetubi (Depths:5)
  An ooze (Depths:5)
  An adder zombie (D:8)
  An adder skeleton (D:4)
  2 worms
  A dart slug (D:2)
  3 leopard geckos
  72 orcs
  4 giant cockroaches
  A gnoll zombie (Ossuary)
  4 goblins (D:12)
  A hobgoblin (D:2)
  2 jackals (D:9)
  4 quokkas
  4 bats
  5 frilled lizards
  A hobgoblin zombie (Ossuary)
  8 kobolds
  3 kobold zombies (Ossuary)
  3 orc zombies (Ossuary)
  3 rats
  A rat (shapeshifter) (Depths:2)
  4 fungi
  11 plants
  5 tentacles (Shoals:2)
1749 creatures vanquished.

Vanquished Creatures (collateral kills)
  Nikola (Shoals:1)
  A lich (Vaults:5)
  A quicksilver dragon (Zot:5)
  A sphinx (Vaults:5)
  2 shadow dragons
  A tengu reaver (Vaults:5)
  An azure jelly (shapeshifter) (Zot:5)
  A frost giant (Zot:2)
  A vault warden (Vaults:5)
  A stone giant (Vaults:5)
  2 spark wasps (Depths:2)
  2 merfolk impalers (Shoals:4)
  A yaktaur captain (Vaults:5)
  3 vault guards (Vaults:5)
  A merfolk avatar (Shoals:1)
  2 sea snakes (Shoals:1)
  A lindwurm (shapeshifter) (Vaults:5)
  2 deep elf magi (Vaults:5)
  A faun (Shoals:1)
  A troll (Zot:2)
  A merfolk (Shoals:4)
  A wind drake (Shoals:4)
29 creatures vanquished.

Vanquished Creatures (others)
  An Orb Guardian (Zot:5)
  A purple draconian (Zot:1)
  A yaktaur captain (Depths:5)
  A great orb of eyes (Depths:1)
  An orc knight (Vaults:3)
  A deep elf mage (Vaults:5)
  A jumping spider (Spider:4)
  A redback (Spider:2)
  A boggart (Depths:3)
  An ogre (Zot:2)
  2 orcs (Depths:1)
  A fungus (Lair:3)
  20 plants
  6 tentacles (Shoals:2)
39 creatures vanquished.

Grand Total: 1817 creatures vanquished

Notes
Turn   | Place    | Note
-------+----------+-------------------------------------------
     0 | D:1      | Charly the Minotaur Berserker began the quest for the Orb.
     0 | D:1      | Reached XP level 1. HP: 19/19 MP: 0/0
   131 | D:1      | You fall through a shaft!
   185 | D:2      | Found a white marble altar of Elyvilon.
   194 | D:2      | Reached skill level 4 in Axes
   194 | D:2      | Reached XP level 2. HP: 20/27 MP: 1/1
   392 | D:2      | Reached XP level 3. HP: 30/33 MP: 2/2
   551 | D:2      | Reached skill level 5 in Axes
   603 | D:3      | Noticed Natasha
   609 | D:3      | Killed Natasha
   609 | D:3      | Reached ** piety under Trog
   609 | D:3      | Reached XP level 4. HP: 41/41 MP: 3/3
   705 | D:3      | Noticed Natasha
   716 | D:3      | Killed Natasha
   726 | D:3      | Noticed Natasha
   731 | D:3      | Killed Natasha
   804 | D:3      | Reached skill level 6 in Axes
   851 | D:3      | Found a sparkling altar of Nemelex Xobeh.
   903 | D:3      | Reached skill level 5 in Fighting
   903 | D:3      | Reached XP level 5. HP: 48/48 MP: 4/4
  1254 | D:4      | Noticed Sigmund
  1265 | D:4      | Killed Sigmund
  1265 | D:4      | Reached skill level 7 in Axes
  1265 | D:4      | Reached XP level 6. HP: 57/57 MP: 5/5
  1295 | D:4      | Found a glowing golden altar of the Shining One.
  1337 | D:4      | Noticed Ijyb
  1348 | D:4      | Killed Ijyb
  1382 | D:4      | Found a radiant altar of Vehumet.
  1395 | D:4      | Found a sand-covered staircase.
  1409 | Ossuary  | Entered an ossuary
  1496 | Ossuary  | Reached skill level 8 in Axes
  1716 | D:4      | Found a blossoming altar of Fedhas.
  1808 | D:4      | Found an ornate altar of the Wu Jian Council.
  1887 | D:4      | Found a burning altar of Makhleb.
  1955 | D:5      | Entered Level 5 of the Dungeon
  1986 | D:5      | Noticed Alarkh's ghost (novice DsEE)
  1997 | D:5      | Killed Alarkh's ghost
  1997 | D:5      | Reached skill level 9 in Axes
  1997 | D:5      | Reached XP level 7. HP: 66/66 MP: 6/6
  2138 | D:5      | Reached *** piety under Trog
  2138 | D:5      | Reached XP level 8. HP: 70/73 MP: 7/7
  2294 | D:6      | Found a blossoming altar of Fedhas.
  2300 | D:6      | Found a staircase to the Ecumenical Temple.
  2309 | D:6      | Reached skill level 10 in Axes
  2808 | D:7      | Found a hazy altar of Hepliaklqana.
  2815 | D:7      | Reached skill level 11 in Axes
  2815 | D:7      | Reached XP level 9. HP: 78/81 MP: 8/8
  2919 | D:7      | Reached **** piety under Trog
  3013 | D:7      | Reached skill level 5 in Armour
  3757 | D:8      | Reached skill level 5 in Dodging
  3821 | D:8      | Reached skill level 12 in Axes
  4254 | D:8      | Noticed a two-headed ogre
  4261 | D:8      | Killed a two-headed ogre
  4261 | D:8      | Reached XP level 10. HP: 91/91 MP: 9/9
  4286 | D:8      | Reached ***** piety under Trog
  4310 | D:8      | Reached skill level 13 in Axes
  4403 | D:8      | Found an opulent altar of Gozag.
  4558 | D:9      | Found a hide-covered altar of Uskayaw.
  4581 | D:9      | Reached skill level 10 in Fighting
  4586 | D:9      | Found a staircase to the Orcish Mines.
  4613 | D:9      | Noticed a two-headed ogre
  4645 | D:9      | Killed a two-headed ogre
  4694 | D:8      | Identified a scroll of acquirement
  4720 | D:9      | Received a gift from Trog
  4730 | D:9      | Noticed a two-headed ogre
  4736 | D:9      | Killed a two-headed ogre
  4736 | D:9      | Reached skill level 14 in Axes
  5036 | D:9      | Noticed Erica
  5072 | D:9      | Killed Erica
  5105 | D:10     | Entered Level 10 of the Dungeon
  5112 | D:10     | Found a basalt altar of Yredelemnul.
  5112 | D:10     | Noticed a rust devil
  5112 | D:10     | Noticed a rust devil
  5118 | D:10     | Noticed an orange demon
  5153 | D:10     | Reached XP level 11. HP: 87/101 MP: 10/10
  5161 | D:10     | Found Xuwkaufa's Jewellery Emporium.
  5225 | D:10     | Found a staircase to the Lair.
  5231 | D:10     | Found Nuadulu's Distillery.
  5239 | D:10     | Bought a potion of heal wounds for 60 gold pieces
  5239 | D:10     | Bought 2 potions of haste for 240 gold pieces
  5239 | D:10     | Bought a potion of agility for 48 gold pieces
  5239 | D:10     | Bought a potion of mutation for 96 gold pieces
  5239 | D:10     | Bought a potion of agility for 48 gold pieces
  5239 | D:10     | Gained mutation: You are clumsy. (Dex -2) [potion of mutation]
  5239 | D:10     | Gained mutation: You evolve. [potion of mutation]
  5239 | D:10     | Gained mutation: Your spells are a little harder to cast, but a little more powerful. [potion of mutation]
  5240 | D:10     | Lost mutation: You are clumsy. (Dex -2) [potion of mutation]
  5240 | D:10     | Lost mutation: You evolve. [potion of mutation]
  5240 | D:10     | Gained mutation: You have an increased reservoir of magic. (+10% MP) [potion of mutation]
  5240 | D:10     | Gained mutation: You are robust. (+10% HP) [potion of mutation]
  5253 | D:10     | Noticed Joseph
  5267 | D:10     | Killed Joseph
  5267 | D:10     | Reached skill level 15 in Axes
  5270 | D:10     | Found Mesosea's Antique Armour Boutique.
  5426 | D:10     | Noticed a two-headed ogre
  5433 | D:10     | Killed a two-headed ogre
  5558 | D:10     | Killed an unseen horror
  5763 | Lair:1   | Entered Level 1 of the Lair of Beasts
  5765 | Lair:1   | Noticed Harold
  5780 | Lair:1   | Killed Harold
  5929 | Lair:1   | Noticed an oklob plant
  5964 | Lair:1   | Found a dark tunnel.
  5973 | Volcano  | Entered a volcano
  6025 | Volcano  | Noticed a two-headed ogre
  6030 | Volcano  | Killed a two-headed ogre
  6030 | Volcano  | Reached skill level 16 in Axes
  6146 | Volcano  | Noticed a two-headed ogre
  6153 | Volcano  | Killed a two-headed ogre
  6302 | Volcano  | Reached skill level 17 in Axes
  6302 | Volcano  | Reached XP level 12. HP: 121/123 MP: 12/12
  6332 | Volcano  | Noticed a two-headed ogre
  6332 | Volcano  | Noticed a fire dragon
  6338 | Volcano  | Killed a two-headed ogre
  6342 | Volcano  | Killed a fire dragon
  6444 | Lair:2   | Found a staircase to the Shoals.
  6781 | Lair:2   | Noticed Gastronok
  6794 | Lair:2   | Killed Gastronok
  7513 | Lair:3   | Reached skill level 18 in Axes
  7902 | Lair:4   | Noticed Nessos
  7913 | Lair:4   | Killed Nessos
  8119 | Lair:4   | Found a hole to the Spider Nest.
  8132 | Lair:4   | Reached XP level 13. HP: 134/134 MP: 13/13
  8254 | Lair:5   | Found a staircase to the Slime Pits.
  8572 | Lair:6   | Entered Level 6 of the Lair of Beasts
  8631 | Lair:6   | Paralysed by a hornet for 1 turns
  8714 | Lair:6   | Reached ****** piety under Trog
  8759 | Lair:6   | Received a gift from Trog
  8927 | D:10     | Bought an uncursed amulet of guardian spirit for 420 gold pieces
  9012 | D:12     | Reached skill level 19 in Axes
  9077 | D:12     | Noticed Lanoc's ghost (journeyman FoFi)
  9092 | D:12     | Killed Lanoc's ghost
  9407 | D:12     | Found a flagged portal.
  9413 | D:12     | Got a pair of warped boots
  9442 | Bailey   | Entered a bailey
  9448 | Bailey   | Identified the +4 pair of boots of the Greedy {rCorr Int+4 Dex-2} (You acquired it on level 12 of the Dungeon)
  9646 | Bailey   | Reached skill level 10 in Armour
  9755 | Bailey   | Got a slimy executioner's axe
  9756 | Bailey   | Identified the +6 executioner's axe of Devotion {freeze, rPois MR+ Int-2} (You found it in a bailey)
 10032 | D:13     | Found a labyrinth entrance.
 10047 | Lab      | Entered a labyrinth
 10122 | Lab      | Noticed a minotaur
 10127 | Lab      | Killed a minotaur
 10132 | Lab      | Identified the Collected Works on the Volcanoes and Air
 10133 | Lab      | Got a fine glass ring
 10149 | D:13     | Identified the ring of Doqun {rPois MR+ Dex+3} (You found it in a labyrinth)
 10794 | D:14     | Got a coiled ivory ring
 10796 | D:14     | Identified the ring "Moriokhi" {Wiz rF+ MR- Str+3} (You found it on level 14 of the Dungeon)
 10880 | D:14     | Received a gift from Trog
 10880 | D:14     | Reached XP level 14. HP: 116/145 MP: 14/14
 10980 | D:14     | Reached skill level 15 in Fighting
 11044 | D:14     | Reached skill level 20 in Axes
 11050 | D:14     | Found a gate to the Vaults.
 11098 | D:14     | Received a gift from Trog
 11162 | D:15     | Entered Level 15 of the Dungeon
 11389 | D:15     | Found Ecves's Weapon Shoppe.
 11523 | D:15     | Noticed Kirke
 11532 | D:15     | Killed Kirke
 11532 | D:15     | Reached skill level 21 in Axes
 11760 | D:15     | Received a gift from Trog
 11787 | D:15     | Found a staircase to the Depths.
 12095 | D:10     | Bought a runed plate armour for 572 gold pieces
 12232 | Spider:1 | Entered Level 1 of the Spider Nest
 12245 | Spider:1 | Reached XP level 15. HP: 142/158 MP: 15/15
 12867 | Spider:1 | Reached skill level 22 in Axes
 13197 | Spider:3 | Received a gift from Trog
 13538 | Spider:3 | Reached skill level 23 in Axes
 13898 | Spider:4 | Entered Level 4 of the Spider Nest
 14369 | Spider:4 | Reached XP level 16. HP: 145/172 MP: 16/16
 14391 | Spider:4 | Received a gift from Trog
 14639 | Spider:4 | Reached skill level 10 in Dodging
 14887 | Spider:4 | Got a gossamer rune of Zot
 15458 | Shoals:1 | Entered Level 1 of the Shoals
 15637 | Shoals:1 | Noticed Nikola
 15654 | Shoals:1 | Killed Nikola
 15809 | Shoals:2 | Noticed a kraken
 15824 | Shoals:2 | Killed a kraken
 15943 | Shoals:2 | Reached skill level 24 in Axes
 16238 | Shoals:3 | Received a gift from Trog
 16312 | Shoals:4 | Entered Level 4 of the Shoals
 16545 | Shoals:4 | Noticed Ilsuiw
 16558 | Shoals:4 | Reached XP level 17. HP: 111/182 MP: 17/17
 16589 | Shoals:4 | Killed Ilsuiw
 17636 | Shoals:4 | Received a gift from Trog
 17793 | Shoals:4 | Got a barnacled rune of Zot
 18059 | Vaults:1 | Entered Level 1 of the Vaults
 18388 | Vaults:1 | Received a gift from Trog
 18814 | Vaults:1 | Reached skill level 25 in Axes
 18925 | Vaults:1 | Reached XP level 18. HP: 150/193 MP: 18/18
 19014 | Vaults:1 | Received a gift from Trog
 19022 | Vaults:1 | Got a twisted battleaxe {god gift}
 19023 | Vaults:1 | Identified the +6 battleaxe "Ybiw" {chop, *Contam Str+6 SInv} (Trog gifted it to you on level 1 of the Vaults)
 19028 | Vaults:1 | Lost mutation: Your spells are a little harder to cast, but a little more powerful. [mutagenic glow]
 19379 | Vaults:2 | Found a stormy altar of Qazlal.
 20151 | Vaults:2 | Received a gift from Trog
 20979 | Vaults:3 | Found a roughly hewn altar of Beogh.
 20999 | Vaults:3 | Received a gift from Trog
 21021 | Vaults:3 | Reached skill level 15 in Armour
 21341 | Vaults:3 | Reached XP level 19. HP: 151/203 MP: 19/19
 22106 | Vaults:4 | Received a gift from Trog
 22923 | Vaults:4 | Reached skill level 26 in Axes
 22948 | Vaults:4 | Received a gift from Trog
 22966 | Vaults:4 | Received a gift from Trog
 23407 | Depths:1 | Entered Level 1 of the Depths
 23419 | Depths:1 | Reached skill level 15 in Dodging
 23781 | Depths:1 | Found a gateway to Hell.
 24395 | Depths:2 | Received a gift from Trog
 24407 | Depths:2 | Reached XP level 20. HP: 217/217 MP: 21/21
 25141 | Depths:2 | Noticed Jory
 25150 | Depths:2 | Killed Jory
 25155 | Depths:2 | Received a gift from Trog
 25179 | Depths:2 | Got a jewelled battleaxe {god gift}
 25180 | Depths:2 | Identified the +4 battleaxe of Trog's Brutal Revenge {chop, +Fly Stlth+} (Trog gifted it to you on level 2 of the Depths)
 25743 | Depths:3 | Noticed a golden dragon
 25750 | Depths:3 | Noticed a golden dragon
 25755 | Depths:3 | Noticed a golden dragon
 25756 | Depths:3 | Paralysed by a floating eye for 3 turns
 26007 | Depths:3 | Received a gift from Trog
 26583 | Depths:3 | Killed a golden dragon
 26784 | Depths:3 | Paralysed by a floating eye for 2 turns
 26789 | Depths:3 | Killed a golden dragon
 26789 | Depths:3 | Paralysed by a floating eye for 3 turns
 26800 | Depths:3 | Killed a golden dragon
 26800 | Depths:3 | Reached XP level 21. HP: 71/226 MP: 9/22
 27122 | Depths:3 | Received a gift from Trog
 27994 | Depths:4 | Received a gift from Trog
 28077 | Depths:4 | Found a one-way gate to the infinite horrors of the Abyss.
 28124 | Depths:4 | Noticed Frederick
 28130 | Depths:4 | Killed Frederick
 28368 | Depths:5 | Entered Level 5 of the Depths
 28394 | Depths:5 | Found a sparkling altar of Nemelex Xobeh.
 28411 | Depths:5 | Noticed a juggernaut
 28411 | Depths:5 | Noticed a juggernaut
 28418 | Depths:5 | Killed a juggernaut
 28419 | Depths:5 | Killed a juggernaut
 28597 | Depths:5 | Noticed a golden dragon
 28607 | Depths:5 | Killed a golden dragon
 28940 | Depths:5 | Received a gift from Trog
 28946 | Depths:5 | Reached XP level 22. HP: 184/237 MP: 23/23
 28963 | Depths:5 | Found Cexastrae's Magic Scroll Shop.
 29109 | Depths:5 | Bought a scroll of enchant armour for 142 gold pieces
 29109 | Depths:5 | Bought a scroll of magic mapping for 66 gold pieces
 29109 | Depths:5 | Bought a scroll of magic mapping for 66 gold pieces
 29109 | Depths:5 | Bought a scroll of enchant armour for 142 gold pieces
 29109 | Depths:5 | Bought a scroll of magic mapping for 66 gold pieces
 29109 | Depths:5 | Bought a scroll of teleportation for 57 gold pieces
 29109 | Depths:5 | Bought a scroll of teleportation for 57 gold pieces
 29109 | Depths:5 | Bought a scroll of teleportation for 57 gold pieces
 29212 | Depths:5 | Found a viscous altar of Jiyva.
 29309 | Depths:5 | Noticed a golden dragon
 29315 | Depths:5 | Killed a golden dragon
 29328 | Depths:5 | Noticed a golden dragon
 29334 | Depths:5 | Killed a golden dragon
 29394 | Depths:5 | Found a runed door.
 29394 | Depths:5 | Found a runed door.
 29394 | Depths:5 | Found a runed door.
 29410 | Depths:5 | Found a runed door.
 29421 | Depths:5 | Found a runed door.
 29425 | Depths:5 | Found a runed door.
 29432 | Depths:5 | Noticed a golden dragon
 29439 | Depths:5 | Killed a golden dragon
 29654 | Depths:5 | Found a gate to the Realm of Zot.
 30107 | Vaults:5 | Entered Level 5 of the Vaults
 30290 | Vaults:5 | Found the +10 large shield of Ignorance {rN+ Int-4}
 30297 | Vaults:5 | Identified the cursed +1 plate armour "Uzoo" {rC+ Dex+4} (You found it on level 5 of the Vaults)
 30355 | Vaults:5 | Received a gift from Trog
 30477 | Vaults:5 | Reached XP level 23. HP: 184/248 MP: 14/24
 30606 | Vaults:5 | Received a gift from Trog
 31324 | Vaults:5 | Identified the Almanac of Sinister Displacement
 31527 | Vaults:5 | Got a silver rune of Zot
 31542 | Vaults:5 | Got a smoking crystal amulet
 31680 | Vaults:5 | Identified the amulet of Scepticism {Inacc *Slow Dex+4 SInv} (You found it on level 5 of the Vaults)
 31982 | Depths:5 | Reached skill level 1 in Shields
 32037 | Zot:1    | Entered Level 1 of the Realm of Zot
 32066 | Zot:1    | Reached skill level 5 in Shields
 32163 | Zot:1    | Found Hamuw's Changing Room.
 32254 | Zot:1    | Reached skill level 10 in Shields
 32415 | Zot:2    | Received a gift from Trog
 32468 | Zot:2    | Noticed a curse toe
 32475 | Zot:2    | Killed a curse toe
 32758 | Zot:2    | Reached skill level 15 in Shields
 32835 | Zot:2    | Reached XP level 24. HP: 243/261 MP: 24/24
 33246 | Zot:4    | Received a gift from Trog
 33407 | Zot:5    | Entered Level 5 of the Realm of Zot
 33588 | Zot:5    | Noticed an ancient lich
 33599 | Zot:5    | Noticed an ancient lich
 33637 | Zot:5    | HP: 10/262 [ancient lich/bolt of lightning (14)]
 33637 | Zot:5    | Killed from afar by an ancient lich

Vault maps used:
D:1:      lemuel_arrival_behind_the_door_small, minmay_crystal_room
D:2:      lemuel_round_altar, serial_glass, glass_columns_a, glass_columns_a,
          glass_columns_a, glass_columns_a, glass_columns_a, glass_columns_a,
          glass_columns_c, glass_columns_a, glass_columns_a, glass_columns_b
D:3:      nemelex_xobeh_ov_fountains_minmay, first_ration,
          brannock_xom_greatest_gift, uniq_natasha
D:4:      overflow_temple_1_default, nicolae_overflow_hidden_temple,
          old_standard_altar, kennysheep_little_box, enter_ossuary_3,
          fedhas_altar_fruit_tree, uniq_sigmund, uniq_ijyb
D:5:      marbit_many_paths, tgw_kikubaaqudgha
D:6:      lemuel_doored_altar, minmay_temple_entry_crystal_x
D:7:      old_standard_altar
D:8:      nicolae_gozag_cash_rules_everything_around_me, led_sif_pool
D:9:      eat_drink_and_be_merry_uskayaw, david_orc_3, blue_anna_alchemist,
          uniq_erica
D:10:     lair_entry_dummy, serial_shops, shop, shop, nicolae_shop_statue_plus,
          lemuel_hellish_altar, uniq_joseph
D:11:     minmay_misc_feat_doors
D:12:     enter_bailey_3
D:13:     lab_entry_generic, eino_small_chamber_without_monster
D:14:     erik_vaults_2, serial_aquarium, aquarium_bridge_square,
          aquarium_bridge_straight, aquarium_window_fake,
          aquarium_window_corner, aquarium_view_2a, aquarium_view_2d,
          aquarium_balcony_3b, grunt_decor_cap
D:15:     grunt_enter_depths_magical_seal, serial_bayou_lagoon_a, serial_shops,
          shop, uniq_kirke
Lair:1:   enter_volcano_1, fungi_pond_lemuel, disabler_island,
          grunt_megastairs_1, minmay_lair_oklob_chamber, uniq_sonja, uniq_harold
Lair:2:   dpeg_oklob_gauntlet, minmay_shoals_entry_beasts, uniq_gastronok
Lair:4:   nicolae_spider_entry_orb_guardian, serial_bayou_shore_b,
          infiniplex_staircase_pool_2, uniq_nessos
Lair:5:   minmay_slime_entry_pillars
Lair:6:   gammafunk_lair_ancient_temple, minmay_hedge_maze
Shoals:1: uniq_nikola
Shoals:2: nicolae_shoals_kraken_intersection
Shoals:3: serial_shops, shop, st_sunken_temple
Shoals:4: shoals_end_grunt_ice, shoal_ilsuiw
Spider:3: spiders_nest_a, portal_ice_cave_entry_dragon,
          nicolae_spider_webbed_stairs
Spider:4: grunt_spider_rune_parallel
Vaults:1: vaults_dpeg_cross, vaults_room_hallway, hangedman_vaults_river_flow,
          grunt_vaults_diagonal, v_pattern_4, ontoclasm_vaults_chip,
          vaults_standard_mumra_x, vaults_room_stairs_pillars
Vaults:2: v_alt_pattern_3, minmay_crypt_entry_simple_box,
          nicolae_vaults_windows_and_doors_thing, ontoclasm_vaults_spin,
          v_misc_22, hangedman_vaults_hat, nicolae_vaults_what_the_h, v_misc_23,
          nicolae_vaults_angled_halls, hangedman_vaults_corner_blocks,
          nicolae_vaults_yaktaur_gun_rack, basic_altar
Vaults:3: vaults_mumra_chevron, v_misc_18, grunt_vaults_trifunnel, v_misc_13,
          v_rooms_1, vaults_dpeg_doors, grunt_vaults_bifocal,
          nicolae_vaults_inception_corners, ontoclasm_vaults_ring_large,
          v_rooms_2, special_room_vaults, nicolae_vaults_three_branches,
          vaults_dpeg_ring
Vaults:4: nicolae_vaults_theta, nicolae_vaults_network_periphery,
          v_alt_pattern_3, nicolae_vaults_puzzle_piece,
          nicolae_vaults_network_star, ontoclasm_vaults_chip, v_misc_3,
          nicolae_vaults_sealed_display, vaults_dpeg_spiral,
          ontoclasm_vaults_loading_screen, ontoclasm_vaults_gateway,
          nicolae_vaults_little_squares_6, ontoclasm_vaults_decontamination
Depths:1: lightli_too_deep, hangedman_decor_push, minmay_door_square,
          lemuel_nasty_fountain, grunt_megastairs_2, uniq_saint_roka
Depths:2: due_jory_tower, hangedman_abyss_or_decor_clamps, hell_entry
Depths:3: grunt_deathspiral_small, hell_entry, nicolae_sextant,
          rand_demon_pan_entry_4, minmay_stone_trees_small,
          nrook_mini_backslash, minmay_staircase_bubble, firewood_loft
Depths:4: minmay_open_boxes_in_corner, enter_ziggurat_d, hangedman_coc_ice_floe,
          abyss_entry, minmay_misc_feat_ornament, uniq_frederick
Depths:5: evilmike_zot_entry_castle, lemuel_statue_altar,
          grunt_pan_entry_spiral, abyss_entry, special_room,
          grunt_hell_entry_dis_mu, serial_shops, nicolae_shop_behind_doors,
          kennysheep_random_hallway
Zot:1:    nicolae_transmutations_shop
Zot:2:    lemuel_halls_of_wrath
Zot:3:    gammafunk_sealed_library
Zot:5:    grunt_ministairs_14
Lab:      labyrinth_fake_exit, nicolae_lab_diamond, lab_fountain,
          nicolae_lab_quarters, lab_statue, nicolae_lab_garden,
          nicolae_lab_statue, lab_block, nicolae_lab_very_dead_end,
          labyrinth_skeletal_remains, nicolae_lab_starburst
Ossuary:  ossuary_tomb_3
Bailey:   bailey_polearm_flooded_kennysheep, bailey
Volcano:  pf_volcano_lost_world

Skill      XL: |  1  2  3  4  5  6  7  8  9 10 11 12 13 14 15 16 17 18 19 20 21 22 23 24 |
---------------+-------------------------------------------------------------------------+-----
Axes           | 4 5 6 7 9 11 12 14 17 18 19 21 23 24 25 26 | 26.9
Fighting       | 4 5 7 8 9 11 12 13 14 16 17 18 19 20 21 22 23 24 | 24.4
Armour         | 4 6 8 10 12 13 15 16 17 19 21 22 23 | 23.1
Dodging        | 4 5 7 9 11 12 14 15 16 17 18 19 | 19.6
Shields        | 15 17 | 17.2

Action                   |  1- 3 |  4- 6 |  7- 9 | 10-12 | 13-15 | 16-18 | 19-21 | 22-24 || total
-------------------------+-------+-------+-------+-------+-------+-------+-------+-------++-------
Melee: Hand axe          |    32 |    94 |   193 |       |       |       |       |       ||   319
       Headbutt          |     3 |    13 |    58 |    88 |   214 |   273 |   293 |   336 ||  1278
       Battleaxe         |       |       |    21 |   352 |   286 |       |       |       ||   659
       Executioner's axe |       |       |       |       |   595 |  1010 |   969 |   513 ||  3087
       Broad axe         |       |       |       |       |       |       |       |   458 ||   458
Invok: Berserk           |     2 |     6 |     7 |    10 |    10 |     5 |    11 |     3 ||    54
       Trog's Hand       |       |     3 |       |     2 |     3 |       |       |       ||     8
       Burn Spellbooks   |       |       |     1 |       |     5 |     3 |     3 |     3 ||    15
       Brothers in Arms  |       |       |       |       |       |     3 |     3 |     7 ||    13
Evoke: Wand              |       |    11 |     4 |     5 |    24 |       |     6 |       ||    50
  Use: Scroll            |       |     2 |       |    25 |     9 |     2 |     5 |    28 ||    71
       Potion            |       |       |       |     2 |    10 |     5 |     7 |    10 ||    34
 Stab: Sleeping          |     2 |     1 |     1 |       |       |       |       |       ||     4
       Paralysed         |       |       |     1 |     6 |     6 |       |       |     9 ||    22
       Distracted        |       |       |     1 |       |       |     1 |     1 |     6 ||     9
       Invisible         |       |       |       |       |     8 |     6 |       |       ||    14
       Confused          |       |       |       |       |       |       |     1 |     1 ||     2
       Petrifying        |       |       |       |       |       |       |       |    10 ||    10
       Petrified         |       |       |       |       |       |       |       |     5 ||     5
  Eat: Chunk             |       |     8 |     7 |    16 |    11 |    24 |    13 |     5 ||    84
       Ration            |       |     1 |     2 |     3 |     8 |     2 |     7 |     5 ||    28
Armor: Animal skin       |     2 |     9 |       |       |       |       |       |       ||    11
       Ring mail         |       |    10 |    54 |    54 |       |       |       |       ||   118
       Chain mail        |       |       |       |   100 |   386 |       |       |       ||   486
       Plate armour      |       |       |       |       |   363 |   636 |   375 |       ||  1374
       Gold dragon scale |       |       |       |       |       |       |   243 |   535 ||   778
Dodge: Dodged            |    17 |    42 |   103 |   228 |   680 |   588 |   648 |   489 ||  2795
       Deflected         |       |       |       |       |    46 |     3 |       |       ||    49
Block: Large shield      |       |       |       |       |       |       |       |   544 ||   544

Table legend:
 A = Spawn XP
 B = Non-spawn XP
 C = Spawn XP percentage of total XP
 D = Spawn monster count
 E = Non-spawn monster count
 F = Spawn count percentage of total count
 G = Total turns spent on level
                    A         B        C        D         E        F      G
               +---------+---------+-------+---------+---------+-------+---------
         Total |       0 | 1084563 |   0.0 |       0 |    1765 |   0.0 | 33637
               +---------+---------+-------+---------+---------+-------+---------
           D:1 |       0 |       2 |   0.0 |       0 |       2 |   0.0 |   131
           D:2 |       0 |      65 |   0.0 |       0 |      17 |   0.0 |   469
           D:3 |       0 |     204 |   0.0 |       0 |      19 |   0.0 |   649
           D:4 |       0 |     307 |   0.0 |       0 |       5 |   0.0 |   480
           D:5 |       0 |     964 |   0.0 |       0 |      12 |   0.0 |   337
           D:6 |       0 |     892 |   0.0 |       0 |      15 |   0.0 |   499
           D:7 |       0 |    1057 |   0.0 |       0 |      20 |   0.0 |   980
           D:8 |       0 |    3136 |   0.0 |       0 |      32 |   0.0 |   836
           D:9 |       0 |    4081 |   0.0 |       0 |      27 |   0.0 |   498
          D:10 |       0 |    3932 |   0.0 |       0 |      25 |   0.0 |   798
          D:11 |       0 |     735 |   0.0 |       0 |       4 |   0.0 |    45
          D:12 |       0 |    5638 |   0.0 |       0 |      37 |   0.0 |   661
          D:13 |       0 |    1189 |   0.0 |       0 |      10 |   0.0 |   675
          D:14 |       0 |   18167 |   0.0 |       0 |      39 |   0.0 |   763
          D:15 |       0 |   19712 |   0.0 |       0 |      53 |   0.0 |   620
        Lair:1 |       0 |    1201 |   0.0 |       0 |       3 |   0.0 |   271
        Lair:2 |       0 |    7773 |   0.0 |       0 |      27 |   0.0 |  1047
        Lair:3 |       0 |    3122 |   0.0 |       0 |      18 |   0.0 |   689
        Lair:4 |       0 |    8140 |   0.0 |       0 |      28 |   0.0 |   492
        Lair:5 |       0 |    1314 |   0.0 |       0 |       8 |   0.0 |   326
        Lair:6 |       0 |    7587 |   0.0 |       0 |      22 |   0.0 |   274
      Shoals:1 |       0 |    9613 |   0.0 |       0 |      17 |   0.0 |   158
      Shoals:2 |       0 |    7856 |   0.0 |       0 |      15 |   0.0 |   515
      Shoals:3 |       0 |    3275 |   0.0 |       0 |       6 |   0.0 |   390
      Shoals:4 |       0 |   43452 |   0.0 |       0 |      75 |   0.0 |  1280
      Spider:1 |       0 |   13528 |   0.0 |       0 |      37 |   0.0 |  1084
      Spider:2 |       0 |    4227 |   0.0 |       0 |      11 |   0.0 |    53
      Spider:3 |       0 |   25724 |   0.0 |       0 |      87 |   0.0 |  1050
      Spider:4 |       0 |   37713 |   0.0 |       0 |      87 |   0.0 |   912
      Vaults:1 |       0 |   59453 |   0.0 |       0 |      96 |   0.0 |  1777
      Vaults:2 |       0 |   44287 |   0.0 |       0 |      72 |   0.0 |  1217
      Vaults:3 |       0 |   46076 |   0.0 |       0 |      90 |   0.0 |  1313
      Vaults:4 |       0 |   50476 |   0.0 |       0 |      78 |   0.0 |  1538
      Vaults:5 |       0 |  141516 |   0.0 |       0 |     137 |   0.0 |  1383
      Depths:1 |       0 |   12871 |   0.0 |       0 |      16 |   0.0 |   529
      Depths:2 |       0 |   58203 |   0.0 |       0 |      84 |   0.0 |  1731
      Depths:3 |       0 |   82174 |   0.0 |       0 |      85 |   0.0 |  2147
      Depths:4 |       0 |   40450 |   0.0 |       0 |      39 |   0.0 |   723
      Depths:5 |       0 |  125138 |   0.0 |       0 |     102 |   0.0 |  1458
         Zot:1 |       0 |   41067 |   0.0 |       0 |      27 |   0.0 |   339
         Zot:2 |       0 |   43158 |   0.0 |       0 |      47 |   0.0 |   556
         Zot:3 |       0 |    2315 |   0.0 |       0 |       2 |   0.0 |    33
         Zot:4 |       0 |   50167 |   0.0 |       0 |      24 |   0.0 |   442
         Zot:5 |       0 |   40477 |   0.0 |       0 |      23 |   0.0 |   230
           Lab |       0 |    1385 |   0.0 |       0 |       3 |   0.0 |    89
       Ossuary |       0 |     153 |   0.0 |       0 |      16 |   0.0 |   226
        Bailey |       0 |    2296 |   0.0 |       0 |      39 |   0.0 |   494
       Volcano |       0 |    8295 |   0.0 |       0 |      27 |   0.0 |   430
               +---------+---------+-------+---------+---------+-------+---------
